 Dungeon Crawl Stone Soup version 0.29.0-13-gc9e81de378 (webtiles) character file.

Game seed: 9392342076017473438

410 DKP the Sneak (level 6, -5/36 HPs)
             Began as an Octopode Earth Elementalist on Sept 9, 2022.
             Slain by a phantom (7 damage)
             ... on level 5 of the Dungeon.
             The game lasted 00:14:26 (5281 turns).

DKP the Sneak (Octopode Earth Elementalist)         Turns: 5281, Time: 00:14:26

Health: -5/36      AC:  1    Str:  8    XL:     6   Next: 89%
Magic:  9/10       EV: 13    Int: 19    God:
Gold:   351        SH:  0    Dex: 12    Spells: 5/11 levels left

rFire   + . .      SeeInvis .     - Unarmed
rCold   x . .      Faith    .   (no shield)
rNeg    . . .      Spirit   .   (helmet restricted)
rPois   .          Reflect  .   f - amulet of magic regeneration
rElec   .          Harm     .   o - ring of fire
rCorr   .          Rampage  .   (no ring)
Will    .....                   (no ring)
Stlth   ++++......              (no ring)
HPRegen 0.12/turn               (no ring)
MPRegen 0.52/turn               (no ring)
                                (no ring)
                                (no ring)

@: mighty
A: almost no armour, amphibious, 8 rings, camouflage 1, gelatinous body 1,
(nimble swimmer 1), tentacles
a: no special abilities


You were on level 5 of the Dungeon.
You visited 1 branch of the dungeon, and saw 5 of its levels.

You collected 351 gold pieces.

Inventory:

Jewellery
 f - an amulet of magic regeneration (around mantle)
 o - a ring of fire (left tentacle)
 r - a ring of willpower
Wands
 m - a wand of mindburst (8)
 q - a wand of flame (18)
Scrolls
 b - a scroll of poison
 d - a scroll of vulnerability {unknown}
 g - 4 scrolls of teleportation
 h - 2 scrolls of immolation {unknown}
 i - a scroll of butterflies {unknown}
 j - a scroll of brand weapon {unknown}
 l - a scroll of amnesia {unknown}
 n - a scroll of enchant weapon {unknown}
Potions
 a - 2 potions of magic
 c - 2 potions of curing
 e - a potion of heal wounds {unknown}
 k - 3 potions of might
 p - a potion of cancellation {unknown}


   Skills:
 - Level 2.0 Dodging
 + Level 4.7 Stealth
 * Level 3.2 Unarmed Combat
 + Level 3.1 Spellcasting
 * Level 3.9 Transmutations
 - Level 3.5 Earth Magic


You had 5 spell levels left.
You knew the following spells:

 Your Spells              Type           Power      Damage    Failure   Level
a - Sandblast             Erth           32%        2d9       3%          1
b - Wereblood             Tmut           18%        N/A       4%          2
c - Passwall              Tmut/Erth      14%        N/A       4%          2
d - Beastly Appendage     Tmut           36%        N/A       3%          1

Your spell library contained the following spells:

 Spells                   Type           Power      Damage    Failure   Level
 Spider Form              Tmut/Pois      10%        N/A       21%         3
 Ensorcelled Hibernation  Hex/Ice        4%         N/A       22%         2
 Sublimation of Blood     Necr           2%         N/A       22%         2
 Stone Arrow              Conj/Erth      18%        3d8       22%         3
 Petrify                  Tmut/Erth      17%        N/A       32%         4
 Anguish                  Hex/Necr       1%         N/A       83%         4
 Summon Hydra             Summ           1%         N/A       100%        7


Dungeon Overview and Level Annotations

Branches:
Dungeon (5/15)
 Temple: D:4-7

Altars:

Annotations:
D:5 2 transporters, btonasse's ghost, novice BaHu


Innate Abilities, Weirdness & Mutations

You cannot wear most types of armour.
You are amphibious.
You can wear up to eight rings at the same time.
Your skin changes colour to match your surroundings (Stealth+).
Your rubbery body absorbs attacks. (AC +1, EV +1)
((You are camouflaged when in or above water. (Stealth+)))
You have tentacles for arms and can constrict up to eight enemies at once.


Message History

The phantom hits you.
The phantom blinks!
You blink.
The phantom hits you.
* * * LOW HITPOINT WARNING * * *
Aiming: Sandblast (safe; 3% risk of failure)
Press: ? - help, Q - select action, (/) - cycle Shift-Dir - straight line, f/p - phantom
Aim: a phantom (heavily damaged, 75% to hit)
The blast of sand misses the phantom.
The phantom hits you.
* * * LOW HITPOINT WARNING * * *
You feel better. The phantom hits you.
* * * LOW HITPOINT WARNING * * *
Okay, then.
Aiming: Sandblast (safe; 3% risk of failure)
Press: ? - help, Q - select action, (/) - cycle Shift-Dir - straight line, f/p - phantom
Aim: a phantom (heavily damaged, 75% to hit)
The blast of sand hits the phantom.
The phantom is heavily damaged.
Your tentacle spike disappears.
The phantom hits you.
* * * LOW HITPOINT WARNING * * *
The phantom closely misses you.
Aiming: Sandblast (safe; 3% risk of failure)
Press: ? - help, Q - select action, (/) - cycle Shift-Dir - straight line, f/p - phantom
Aim: a phantom (heavily damaged, 75% to hit)
The blast of sand misses the phantom.
The phantom barely misses you.
Attack: -) Tentacles
Press: ? - help, Dir - move target, f/p - phantom
Aim: a phantom (heavily damaged, about 54% to evade your tentacles)
Okay, then.
Aiming: Sandblast (safe; 3% risk of failure)
Press: ? - help, Q - select action, (/) - cycle Shift-Dir - straight line, f/p - phantom
Aim: a phantom (heavily damaged, 75% to hit)
The blast of sand hits the phantom.
The phantom is severely damaged.
The phantom closely misses you. The phantom hits you.
* * * LOW HITPOINT WARNING * * *
It was a potion of might.
You feel very mighty all of a sudden. The phantom hits you!
You die...

######## #......#
#..@W..# #......#
########## ##.†....#
.........# #.......#
########.# #.......#
######..####.......#
#......#...........#
##.#####..###.......#
#..#####.####.####.##


You could see a phantom.

Vanquished Creatures
  Menkaure (D:5)
  A hound (D:5)
  An orc wizard (D:5)
  4 gnolls (D:2)
  10 adders
  2 ufetubi (D:5)
  2 dart slugs
  11 orcs
  2 ball pythons
  7 endoplasms
  4 giant cockroaches
  8 goblins
  12 hobgoblins
  6 jackals
  A quokka (D:3)
  6 bats
  5 frilled lizards
  8 kobolds
  3 rats
94 creatures vanquished.

Notes
Turn   | Place    | Note
-------+----------+-------------------------------------------
     0 | D:1      | DKP the Octopode Earth Elementalist began the quest for the
                  | Orb.
     0 | D:1      | Reached XP level 1. HP: 11/11 MP: 3/3
   206 | D:1      | Reached XP level 2. HP: 17/17 MP: 0/5
   632 | D:1      | Reached skill level 3 in Stealth
   804 | D:2      | Reached XP level 3. HP: 21/21 MP: 4/6
  1004 | D:2      | Learned a level 2 spell: Wereblood
  1007 | D:2      | Learned a level 2 spell: Passwall
  1294 | D:2      | Reached XP level 4. HP: 27/27 MP: 7/7
  1297 | D:2      | Reached skill level 1 in Unarmed Combat
  1528 | D:2      | Reached XP level 5. HP: 6/31 MP: 8/8
  1772 | D:2      | Learned a level 1 spell: Beastly Appendage
  2595 | D:3      | Reached skill level 4 in Stealth
  4703 | D:5      | Entered Level 5 of the Dungeon
  4808 | D:5      | Reached XP level 6. HP: 34/36 MP: 8/10
  4857 | D:5      | Noticed Menkaure
  4863 | D:5      | Killed Menkaure
  5130 | D:5      | Found a transporter.
  5132 | D:5      | Found a transporter.
  5132 | D:5      | Noticed btonasse's ghost (novice BaHu)
  5281 | D:5      | Slain by a phantom

Illustrated notes

Levels and vault maps discovered:
D:1:      elethiomel_arrival_shortcut, layout_rooms
D:2:      layout_basic, kennysheep_another_room, guppyfry_early_orc_mine
D:3:      layout_basic, dreamdust_wishing_well, interstate_on_off,
          minmay_misc_feat_x, hangedman_decor_growths,
          nicolae_figureground_sparkle
D:4:      layout_basic
D:5:      layout_rooms, gammafunk_ghost_arena, moated_statue, uniq_menkaure

Skill      XL: |  1  2  3  4  5  6 |
---------------+-------------------+-----
Stealth        | 3 4 |  4.7
Transmutations | 2 3 |  3.9
Unarmed Combat | 1 2 3 |  3.2
Spellcasting   | 3 |  3.1
Dodging        | |  2.0
Earth Magic    | |  3.5

Action                   |  1- 3 |  4- 6 || total
-------------------------+-------+-------++-------
Melee: Unarmed           |    25 |    77 ||   102
       Constrict         |     7 |    23 ||    30
       Tentacles         |     5 |    25 ||    30
       Punch             |     1 |     2 ||     3
       Kick              |       |    10 ||    10
 Cast: Sandblast         |    39 |    51 ||    90
       Wereblood         |     3 |     3 ||     6
       Beastly Appendage |       |     6 ||     6
  Use: Scroll            |     2 |     2 ||     4
       Potion            |       |     3 ||     3
 Stab: Sleeping          |     1 |       ||     1
Armor: Skin              |     6 |     6 ||    12
Dodge: Dodged            |    36 |    42 ||    78
